 Dungeon Crawl Stone Soup version 0.29-a0-732-g3d7fbe0af2 (webtiles) character file.

Game seed: 8728738853929007614

11 dolemite99 the Shooter (level 2, 25/25 HPs)
             Began as a Minotaur Hunter on June 30, 2022.
             Was a Follower of Vehumet.
             Quit the game on level 1 of the Dungeon.
             The game lasted 00:00:24 (460 turns).

dolemite99 the Shooter (Minotaur Hunter)             Turns: 460, Time: 00:00:24

Health: 25/25      AC:  4    Str: 15    XL:     2   Next: 17%
Magic:  1/1        EV: 12    Int:  6    God:    Vehumet [*.....]
Gold:   0          SH:  0    Dex: 13    Spells: 1/1 levels left

rFire   . . .      SeeInvis .   a - +0 shortbow
rCold   . . .      Faith    .   (shield currently unavailable)
rNeg    . . .      Spirit   .   c - +0 leather armour
rPois   .          Reflect  .   (helmet restricted)
rElec   .          Harm     .   (no cloak)
rCorr   .          Rampage  .   e - +0 pair of gloves
Will    .....                   (no boots)
Stlth   +.........              (no amulet)
HPRegen 0.08/turn               (no ring)
MPRegen 0.07/turn               (no ring)

@: no status effects
A: horns 2, retaliatory headbutt
a: Renounce Religion


You were on level 1 of the Dungeon.
You worshipped Vehumet.
Vehumet was aware of your devotion.
You visited 1 branch of the dungeon, and saw 1 of its levels.

Inventory:

Hand Weapons
 a - a +0 shortbow (weapon)
Armour
 c - a +0 leather armour (worn)
 e - a +0 pair of gloves (worn)
Scrolls
 b - a scroll of immolation
 d - a scroll of enchant armour {unknown}


   Skills:
 - Level 2.4 Fighting
 + Level 5.0 Ranged Weapons
 - Level 2.1 Dodging
 - Level 0.7 Stealth


You had one spell level left.
You didn't know any spells.
Your spell library was empty.

Dungeon Overview and Level Annotations

Branches:
Dungeon (1/15)

Altars:
Vehumet


Innate Abilities, Weirdness & Mutations

You have a pair of horns on your head.
You reflexively headbutt those who attack you in melee.


Message History

Things that are here:
a +0 whip; a +0 dagger; a kobold corpse A hobgoblin comes into view.
A kobold comes into view. It is wielding a +0 dagger.
Found a faded altar of an unknown god.
You see here a +0 pair of gloves.
e - a +0 pair of gloves You shoot an arrow.
The arrow hits the hobgoblin!
You kill the hobgoblin!
You shoot an arrow. The arrow hits the kobold.
You kill the kobold!
Your Ranged Weapons skill increases to level 5!
No target in view!
No target in view!
No target in view!
No target in view!
You start waiting.
Done waiting.
You start putting on your armour.
You continue putting on your +0 pair of gloves. x4
You finish putting on your +0 pair of gloves.
You start waiting.
Done waiting.
An endoplasm comes into view.
The endoplasm moves out of view.
Found a leather armour.
Found a stone staircase leading down.
You shoot an arrow. The arrow hits the endoplasm.
The endoplasm is almost dead.
You shoot an arrow. The arrow hits the endoplasm.
You kill the endoplasm!
No target in view!
No target in view!
There is a faded altar of an unknown god here.
You cannot tell which god this altar belongs to.
Convert to them anyway?
Vehumet accepts your prayer! Vehumet welcomes you!
You can now gain magical power from killing.
Vehumet offers you knowledge of Sandblast.
Are you sure you want to abandon this character and quit the game? (Confirm with "yes".)

...........#
...>........#
............#
............##
...........[. .. .
........##.##.....
........#...#.....
.....)....@.......
...##..#...#.....
..#.###.##.##.....
..............# .
.......)....####
..............#
..............#
#....#........# .
##............## .


There were no monsters in sight!

Vanquished Creatures
  2 endoplasms (D:1)
  A goblin (D:1)
  A hobgoblin (D:1)
  3 jackals (D:1)
  2 kobolds (D:1)
9 creatures vanquished.

Notes
Turn   | Place    | Note
-------+----------+-------------------------------------------
     0 | D:1      | dolemite99 the Minotaur Hunter began the quest for the Orb.
     0 | D:1      | Reached XP level 1. HP: 18/18 MP: 0/0
    46 | D:1      | Reached XP level 2. HP: 9/25 MP: 1/1
   239 | D:1      | Found a faded altar of an unknown god.
   243 | D:1      | Reached skill level 5 in Ranged Weapons
   459 | D:1      | Prayed at the altar of an unknown god.
   459 | D:1      | Became a worshipper of Vehumet
   459 | D:1      | Reached * piety under Vehumet
   459 | D:1      | Offered knowledge of Sandblast by Vehumet.
   460 | D:1      | Quit the game

Illustrated notes

Levels and vault maps discovered:
D:1:      spicycebolla_arrival_xxxplode, layout_rooms,
          ebering_ecumenical_altar_box

Skill      XL: |  1  2 |
---------------+-------+-----
Ranged Weapons | 5 |  5.0
Fighting       | |  2.4
Dodging        | |  2.1
Stealth        | |  0.7

Action                   || total
-------------------------++-------
 Fire: Shortbow          ||    24
Armor: Leather armour    ||     4
Dodge: Dodged            ||     6

Table legend: (Time is in decaauts)
 A = Elapsed time spent in this place.
 B = Non-inter-level travel time spent in this place.
 C = Inter-level travel time spent in this place.
 D = Time resting spent in this place.
 E = Time spent auto-exploring this place.
 F = Levels seen in this place.
 G = Mean time per level.
                   A        B        C        D        E       F      G
               +--------+--------+--------+--------+--------+-----+--------+
         Total |    466 |    466 |      0 |    389 |     19 |   1 |  466.0 |
       Dungeon |    466 |    466 |      0 |    389 |     19 |   1 |  466.0 |
               +--------+--------+--------+--------+--------+-----+--------+

Top non-repeatable levels by time:
     D:1: 466 daAuts
